[Event "*** Titled Tuesday Blitz"]
[Site "Chess.com"]
[Date "2020.05.05"]
[Round "6"]
[White "SlavenPastar"]
[Black "StephenDedalus83"]
[Result "0-1"]
[WhiteElo "2364"]
[BlackElo "2670"]
[TimeControl "180+1"]
[EndTime "11:07:09 PDT"]
[Termination "StephenDedalus83 won on time"]

1. d4 g6 2. c4 Bg7 3. Nc3 d6 4. Nf3 Nd7 5. Bg5 h6 6. Bh4 Ngf6 7. e3 g5 8. Bg3 Nh5 9. Be2 e6 10. Qc2 f5 11. Nd2 Ndf6 12. O-O-O Bd7 13. c5 Nxg3 14.
hxg3 Qe7 15. Nc4 O-O 16. Qb3 b6 17. cxd6 cxd6 18. Qa3 Rfb8 19. Qxd6 Qxd6 20. Nxd6 Bf8 21. Nc4 Bc6 22. f3 Rc8 23. Ne5 Bb7 24. Kb1 Kg7 25. Rc1 Be7 26. Rc2 a6 27. Rhc1 b5 28. a3 Bd6 29.
Nd3 Nd7 30. f4 g4 31. Bf1 Nf6 32. Ne5 Bxe5 33. dxe5 Ne4 34. Ka2 Nxg3 35. Bd3 Rd8 0-1

[Event "*** Titled Tuesday Blitz"]
[Site "Chess.com"]
[Date "2020.05.05"]
[Round "6"]
[White "BabyBoss31"]
[Black "Jbd735"]
[Result "1-0"]
[WhiteElo "2299"]
[BlackElo "2425"]
[TimeControl "180+1"]
[EndTime "11:07:09 PDT"]
[Termination "BabyBoss31 won on time"]

1. d4 d5 2. c4 c6 3. Nf3 e6 4. Qc2 Nf6 5. g3 dxc4 6. Qxc4 b5 7. Qc2 Bb7 8. Bg2 Nbd7 9. O-O Be7 10. Nbd2 c5 11.
dxc5 Nxc5 12. Nb3 Rc8 13. Nxc5 Bxc5 14. Qb3 Qb6 15. a4 b4 16. Be3 Bxe3 17. Qxe3 Qxe3 18. fxe3 a5 19. Rac1 Ke7 20. Nd4 Bxg2 21. Kxg2 Nd5 22. Kf3 Nb6 23. b3 Rc3 24. Rxc3 bxc3 25. Rc1 Rc8 26.
Nb5 Nd5 27. e4 Nb4 28. Nxc3 h5 29. Nd5+ exd5 30. Rxc8 dxe4+ 31. Kxe4 g6 32. Rc5 f5+ 33. Kf3 Kd6 34. Rxa5 Nc6 35. Ra8 Nd4+ 36. Kf4 1-0

[Event "*** Titled Tuesday Blitz"]
[Site "Chess.com"]
[Date "2020.05.05"]
[Round "6"]
[White "Pomegranate988"]
[Black "RaphaeI"]
[Result "1-0"]
[WhiteElo "2485"]
[BlackElo "2631"]
[TimeControl "180+1"]
[EndTime "11:07:10 PDT"]
[Termination "Pomegranate988 won on time"]

1. d4 Nf6 2. c4 g6 3. Nf3 Bg7 4. Nc3 O-O 5. e4 d6 6. h3 e5 7. d5 a5 8. g4 Na6 9. Be3 Nd7 10.
Rg1 Ndc5 11. h4 Kh8 12. h5 gxh5 13. gxh5 f5 14. Ng5 f4 15. Bxc5 Nxc5 16. Bh3 Bxh3 17.
Nxh3 f3 18. Ng5 Bh6 19. Ne6 Nxe6 20. dxe6 Qf6 21. Qd5 c6 22. Qd3 Qxe6 23. Kd1 Rad8 24. Kc2 Qh3 25. Rh1 Qg2 26. Raf1 Bf4 27. Nd1 Qg5 28.
Rfg1 Qf6 29. Qxf3 b5 30. cxb5 d5 31. Kb1 dxe4 32. Qxe4 cxb5 33. Ne3 Rd4 34. Qb7 b4 35. h6 Bxe3 36. Qg7+ 1-0

[Event "*** Titled Tuesday Blitz"]
[Site "Chess.com"]
[Date "2020.05.05"]
[Round "6"]
[White "IljaJoke"]
[Black "FM_VS99"]
[Result "1/2-1/2"]
[WhiteElo "2551"]
[BlackElo "2324"]
[TimeControl "180+1"]
[EndTime "11:07:10 PDT"]
[Termination "Game drawn by repetition"]

1. d4 g6 2. c4 Bg7 3. h4 Nf6 4. Nc3 d5 5. cxd5 Nxd5 6. h5 Nxc3 7. bxc3 c5 8. hxg6 cxd4 9. gxf7+ Kxf7 10. cxd4 Qxd4 11.
Rb1 Bf5 12. Qxd4 Bxd4 13. Rxb7 Rd8 14. Bd2 Bxf2+ 15. Kxf2 Rxd2 16. Nf3 Rxa2 17. g4 Bg6 18.
Ne5+ Kf6 19. Nxg6 hxg6 20. Bg2 Na6 21. Rc1 Rd8 22. Rc6+ e6 23. g5+ Kxg5 24. Rxe6 Rf8+ 25. Kg3 Nc5 26. Re5+ Rf5 27. Rxf5+ gxf5 28. Rb5 Ne6 29. e4 Nd4 30. Rd5 Ra3+ 31. Kf2 Ra2+ 32. Kg3 Ra3+ 33.
Kf2 Ra2+ 34. Kg3 1/2-1/2

[Event "*** Titled Tuesday Blitz"]
[Site "Chess.com"]
[Date "2020.05.05"]
[Round "6"]
[White "RAU4ever"]
[Black "yoolund"]
[Result "0-1"]
[WhiteElo "2349"]
[BlackElo "2564"]
[TimeControl "180+1"]
[EndTime "11:07:10 PDT"]
[Termination "yoolund won by resignation"]

1. e4 g6 2. d4 Bg7 3. Be3 d6 4. Nc3 a6 5. h4 h5 6. Nh3 b5 7. Ng5 Bb7 8. f3 Nd7 9. Qd2 Rc8 10. a4 b4 11. Nd5 c5 12. Bc4 Nh6 13. dxc5 Nxc5 14. Qxb4 Bxd5 15. Bxd5 O-O 16. Bd4 e6 17. Bxg7 Kxg7 18. Qd4+ Qf6 19. Qxf6+ Kxf6 20. Bc4 Ke7 21.
b3 Rfd8 22. Rd1 Ng8 23. Kf2 Nxa4 24. Rd2 Nc5 25. Ra1 Rc6 26. Bf1 Rdc8 27. b4 Nd7 28.
Rxa6 Rxc2 29. Rxd6 Ngf6 30. b5 Nb6 31. Rxc2 Rxc2+ 32. Kg3 Kxd6 33. Nxf7+ Ke7 0-1

[Event "*** Titled Tuesday Blitz"]
[Site "Chess.com"]
[Date "2020.05.05"]
[Round "6"]
[White "chiwii"]
[Black "kinga2008"]
[Result "0-1"]
[WhiteElo "2246"]
[BlackElo "2112"]
[TimeControl "180+1"]
[EndTime "11:07:10 PDT"]
[Termination "kinga2008 won by checkmate"]

1. e4 g6 2. d4 Bg7 3. Nf3 d6 4. c4 c5 5. Nc3 Nc6 6. Be3 cxd4 7. Nxd4 Nf6 8. Be2 O-O 9. O-O Bd7 10. Rc1 a6 11. Kh1 Rc8 12. f4 Nxd4 13. Bxd4 Qa5 14. b3 e5 15. fxe5 dxe5 16. b4 Qc7 17. Bc5 Rfe8 18.
Bd6 Qc6 19. Bf3 Qxc4 20. Qd2 Rc6 21. Nd5 Nxe4 22. Rxc4 Nxd2 23. Rxc6 Bxc6 24. Rd1 Nxf3 25. gxf3 Bxd5 26. Rxd5 Rd8 27. Kg2 Bf8 28. Bxf8 Rxd5 29. Bc5 Rd2+ 30. Kg3 Rxa2 31. h4 f5 32. Bd6 e4 33.
fxe4 fxe4 34. Kf4 Rd2 35. Bc5 Re2 36. Bd4 b5 37. Bc5 e3 38. Bxe3 Rc2 39. Bc5 Kf7 40. Ke5 Rxc5+ 41. bxc5 a5 42. Kd6 Ke8 43. Kc7 b4 44.
Kb7 b3 45. c6 b2 46. c7 b1=Q+ 47. Ka8 Qc2 48. Kb8 Qxc7+ 49. Kxc7 a4 50. Kd6 a3 51.
Ke6 a2 52. Kf6 a1=Q+ 53. Kg5 Qg7 54. h5 h6+ 55. Kh4 gxh5 56. Kxh5 Qg5# 0-1

[Event "*** Titled Tuesday Blitz"]
[Site "Chess.com"]
[Date "2020.05.05"]
[Round "6"]
[White "Charlottemillard17"]
[Black "Roenko_Artur"]
[Result "0-1"]
[WhiteElo "1428"]
[BlackElo "2199"]
[TimeControl "180+1"]
[EndTime "11:07:10 PDT"]
[Termination "Roenko_Artur won on time"]

1. e4 c5 2. Nf3 d6 3. d4 cxd4 4. Nxd4 Nf6 5. Nc3 g6 6. f4 Bg7 7. Be3 O-O 8. Qf3 Nc6 9. Nb3 Nb4 10. O-O-O Bg4 11. Qg3 Bxd1 12. Kxd1 Rc8 13. f5 Rxc3 14.
bxc3 Nxe4 15. Qe1 Nxc3+ 16. Kd2 Ne4+ 17. Kd1 Nxa2 18. Bd2 Nec3+ 19. Bxc3 Nxc3+ 20. Kc1 a5 21. Bd3 a4 22. Nd2 a3 23. Nb3 Qa8 24. g4 a2 25.
Kd2 Nb1+ 26. Ke3 Qa7+ 27. Kf3 Qb6 0-1

[Event "*** Titled Tuesday Blitz"]
[Site "Chess.com"]
[Date "2020.05.05"]
[Round "6"]
[White "Ladislav1969"]
[Black "stoleriu"]
[Result "0-1"]
[WhiteElo "2348"]
[BlackElo "2554"]
[TimeControl "180+1"]
[EndTime "11:07:11 PDT"]
[Termination "stoleriu won by resignation"]

1. e4 e6 2. d4 d5 3. e5 c5 4. c3 Nc6 5. Nf3 Bd7 6. a3 Nge7 7. b4 cxd4 8. cxd4 Nf5 9. Be3 b5 10. Nc3 a5 11. Nxb5 axb4 12. a4 Be7 13. Bd3 O-O 14. O-O Na5 15. Nd2 Qb6 16. Qb1 Rfc8 17. g4 Nxe3 18. Bxh7+ Kh8 19. fxe3 Be8 20. Bd3 Nc4 21. Nxc4 dxc4 22. Be4 Ra6 23. Qd1 g6 24. Qf3 Kg7 25. Rfb1 c3 26. Bb7 Rxa4 27. Rxa4 Qxb5 28. Bxc8 Qxa4 29. Qb7 c2 30. Rf1 Bg5 31. Bxe6 Bxe3+ 32. Kg2 Bc6+ 33. Bd5 Bxb7 34. Rxf7+ Kh6 35. Rxb7 c1=Q 0-1

[Event "*** Titled Tuesday Blitz"]
[Site "Chess.com"]
[Date "2020.05.05"]
[Round "6"]
[White "jguerramzllo"]
[Black "vanyakuba"]
[Result "1-0"]
[WhiteElo "2624"]
[BlackElo "2434"]
[TimeControl "180+1"]
[EndTime "11:07:12 PDT"]
[Termination "jguerramzllo won by resignation"]

1. c4 e6 2. Nf3 d5 3. g3 c5 4. Bg2 Nc6 5. O-O Nf6 6. b3 d4 7. e3 Be7 8. exd4 cxd4 9. d3 O-O 10. Re1 a5 11. Na3 Bb4 12. Re2 Bc3 13. Bb2 Bxb2 14. Rxb2 e5 15. Ng5 Re8 16. Nb5 Bg4 17. Bf3 Bf5 18.
Qe2 a4 19. b4 a3 20. Rb3 Ra4 21. Rab1 e4 22. Nxe4 Nxe4 23. Bxe4 Bxe4 24. dxe4 f5 25. c5 Rxe4 26. Qc4+ Kh8 27. Nd6 Re7 28. Nf7+ Rxf7 29.
Qxf7 f4 30. Qxf4 h6 31. b5 Na5 32. Rd3 Qd5 33. Rbd1 Qxa2 34. Rxd4 Rxd4 35. Rxd4 Qg8 36. Ra4 Nc4 37. Qxc4 a2 1-0

[Event "*** Titled Tuesday Blitz"]
[Site "Chess.com"]
[Date "2020.05.05"]
[Round "6"]
[White "Vusatiuk_Vladimir"]
[Black "tsvet2005"]
[Result "1-0"]
[WhiteElo "2346"]
[BlackElo "2501"]
[TimeControl "180+1"]
[EndTime "11:07:14 PDT"]
[Termination "Vusatiuk_Vladimir won by checkmate"]

1. e4 c5 2. Nf3 d6 3. d4 cxd4 4. Qxd4 Nf6 5. Be2 Nc6 6. Qe3 g6 7. c4 Bg7 8. Nc3 O-O 9. O-O Nd7 10.
b3 a6 11. Bb2 Nde5 12. Nxe5 Bxe5 13. Rfd1 e6 14. Rac1 Qe7 15. Ba3 Rd8 16. f4 Bg7 17. e5 Qh4 18. Bxd6 Bd7 19. Bc7 Be8 20. Bxd8 Nxd8 21.
Bf3 Nc6 22. Ne4 Qh6 23. Rc3 Bf8 24. Nd6 Rb8 25. Rcd3 Nb4 26. Nxe8 Rxe8 27. Rd8 Rxd8 28. Rxd8 b6 29. a3 Nc2 30. Qc1 Kg7 31. Rxf8 Kxf8 32.
Qxc2 Qxf4 33. h3 Qxe5 34. b4 Qe3+ 35. Kh1 Qe1+ 36. Kh2 Qe5+ 37. g3 a5 38. c5 axb4 39. axb4 bxc5 40. bxc5 Ke7 41. c6 Qc7 42. Qc5+ Kf6 43.
Qd4+ e5 44. Qd7 Qb6 45. c7 Qf2+ 46. Bg2 e4 47. c8=Q e3 48. Qd4+ Kg5 49. Qh4# 1-0

[Event "*** Titled Tuesday Blitz"]
[Site "Chess.com"]
[Date "2020.05.05"]
[Round "6"]
[White "AwesomeMango"]
[Black "BelaKis"]
[Result "0-1"]
[WhiteElo "2210"]
[BlackElo "2066"]
[TimeControl "180+1"]
[EndTime "11:07:14 PDT"]
[Termination "BelaKis won by resignation"]

1. e4 g6 2. d4 Bg7 3. Nc3 c5 4. Be3 Qa5 5. Nf3 Nf6 6. Qd2 Ng4 7. Nd5 Qd8 8. Bf4 d6 9. dxc5 Bxb2 10. Rd1 O-O 11.
cxd6 exd6 12. c3 Ba3 13. h3 Ne5 14. Nxe5 dxe5 15. Bxe5 Nd7 16. Nf6+ Nxf6 17. Qxd8 Rxd8 18. Rxd8+ Kg7 19. Bc4 Be7 20. Rd1 Kg8 21. O-O a6 22.
Rfe1 Nd7 23. Bd4 Nf8 24. Bb6 Kg7 25. e5 Bf5 26. g4 Bc2 27. Rd2 Ba4 28. f4 Rc8 29.
Bd5 Rxc3 30. Bxb7 Ne6 31. Be3 Bh4 32. Bg2 Bxe1 33. Re2 Bg3 34. Bf2 Bxf4 0-1

[Event "*** Titled Tuesday Blitz"]
[Site "Chess.com"]
[Date "2020.05.05"]
[Round "6"]
[White "vwnv7"]
[Black "Skatchkov_V"]
[Result "0-1"]
[WhiteElo "2327"]
[BlackElo "2560"]
[TimeControl "180+1"]
[EndTime "11:07:15 PDT"]
[Termination "Skatchkov_V won by resignation"]

1. c4 e5 2. Nc3 Nf6 3. g3 d5 4.
cxd5 Nxd5 5. Bg2 Nb6 6. Nf3 Nc6 7. a3 Be6 8. O-O Be7 9. b4 O-O 10. d3 f6 11. Bb2 a5 12. b5 Nd4 13. Nd2 Qc8 14.
e3 Nf5 15. Rc1 Rd8 16. Na4 Qd7 17. Bxb7 Rab8 18. Bc6 Qxd3 19. Nxb6 cxb6 20. Ne4 Bxa3 21. Bxa3 Qxa3 22. Qf3 Qe7 23. Rc3 a4 24. Ra1 Qb4 25. Qg4 Kh8 26. Qe2 Ne7 27. f3 f5 28. Ng5 Qxc3 29. Nxe6 Qxa1+ 30. Kg2 Qc1 31. Nxd8 Rxd8 32. Kh3 Nxc6 33. bxc6 Qxc6 0-1

[Event "*** Titled Tuesday Blitz"]
[Site "Chess.com"]
[Date "2020.05.05"]
[Round "6"]
[White "NemtsevIgor"]
[Black "Colombiano07"]
[Result "0-1"]
[WhiteElo "2309"]
[BlackElo "2170"]
[TimeControl "180+1"]
[EndTime "11:07:15 PDT"]
[Termination "Colombiano07 won by resignation"]

1. d4 d5 2. Bf4 Nf6 3. e3 e6 4. Nf3 Bd6 5. Bg3 O-O 6. Nbd2 c5 7. c3 Nc6 8. Bd3 b6 9. Ne5 Bb7 10. f4 Ne7 11. Bh4 Nf5 12. Bxf5 exf5 13. Bxf6 Qxf6 14. Nd7 Qe7 15. Nxf8 cxd4 16. cxd4 Qxe3+ 17. Qe2 Qxd4 18. Nd7 Qxf4 19. O-O-O Qa4 20. Nf6+ gxf6 21. Kb1 Be5 22. Nf3 Qe4+ 23. Qc2 Rc8 24. Qd3 Ba6 25. Qxe4 dxe4 26.
Nxe5 fxe5 27. Rc1 Bd3+ 28. Ka1 Rxc1+ 29. Rxc1 f4 30. b3 f3 31. gxf3 exf3 32. Rg1+ Kf8 33.
Rg3 f2 34. Rf3 f1=Q+ 35. Rxf1 Bxf1 36. Kb2 e4 37. Kc3 e3 38. b4 e2 39. Kd2 Ke7 40. a3 Kd6 41. Ke1 Kd5 42. h4 Kc4 43. Kf2 Kb3 44. b5 Kxa3 45. Ke1 Ka4 0-1

[Event "*** Titled Tuesday Blitz"]
[Site "Chess.com"]
[Date "2020.05.05"]
[Round "6"]
[White "Philosopherrr"]
[Black "kleinebeer98"]
[Result "1-0"]
[WhiteElo "2503"]
[BlackElo "2672"]
[TimeControl "180+1"]
[EndTime "11:07:18 PDT"]
[Termination "Philosopherrr won by resignation"]

1. e4 e5 2. Nf3 Nc6 3. Bb5 f5 4. d3 fxe4 5. dxe4 Nf6 6. O-O d6 7. Qd3 Be7 8. Nc3 O-O 9. a3 Qe8 10. Nd5 Bd8 11. Bg5 a6 12. Bxf6 gxf6 13. Ba4 Kh8 14.
Nh4 Rg8 15. c3 Qh5 16. Nf5 Be6 17. Ng3 Qg6 18. Bc2 Ne7 19. c4 Nxd5 20. cxd5 Bd7 21. Qe2 Bg4 22. f3 Bd7 23. f4 Bg4 24. Qf2 c6 25. f5 Qg5 26. Bb3 Rg7 27. Kh1 h5 28. Rfe1 h4 29. Nf1 Bb6 30. Qd2 h3 31. Qxg5 Rxg5 32.
Ng3 Rag8 33. dxc6 bxc6 34. Bxg8 Rxg8 35. Rac1 Rc8 36. b4 Bd4 37. Rc2 Kg7 38. Ne2 Bf2 39.
Rf1 Bb6 40. Rfc1 Be3 41. Rd1 d5 42. exd5 Bxf5 43. Rc3 Bb6 44. Ng3 Bg4 45. Rdc1 Rd8 46. Rxc6 Be3 47. R1c4 f5 48. Rxg4+ fxg4 49. Nf5+ 1-0

[Event "*** Titled Tuesday Blitz"]
[Site "Chess.com"]
[Date "2020.05.05"]
[Round "6"]
[White "reniite"]
[Black "Belka1989"]
[Result "1/2-1/2"]
[WhiteElo "1946"]
[BlackElo "2106"]
[TimeControl "180+1"]
[EndTime "11:07:18 PDT"]
[Termination "Game drawn by repetition"]

1. e4 c6 2. d4 d5 3. exd5 cxd5 4. c4 Nf6 5. Nf3 e6 6. Nc3 Bb4 7. Be2 O-O 8. O-O Bxc3 9. bxc3 Ne4 10. Qc2 Qa5 11. Bb2 Nc6 12. Bd3 Nf6 13. c5 b6 14.
cxb6 Qxb6 15. c4 dxc4 16. Bxc4 Nb4 17. Qb3 Nbd5 18. Ba3 Rd8 19. Bc5 Qxb3 20. axb3 a6 21. Ne5 Bb7 22. f4 Ne3 23. Rf2 Nfg4 24. Nxg4 Nxg4 25.
Rfa2 Ne3 26. Bxa6 Bd5 27. Bc4 Rxa2 28. Rxa2 Nxc4 29. bxc4 Bxc4 30. Rc2 Bd5 31. g3 Rc8 32. Kf2 f6 33. Rb2 Kf7 34. Ke3 Ke8 35. Rb6 Kd7 36. Ra6 Rc7 37. Ra7 Rxa7 38. Bxa7 Kc6 39. Bb8 Kb5 40. Bc7 Kc4 41. Bd8 Kb5 42. Be7 Kc6 43. Bf8 g5 44. fxg5 fxg5 45. g4 Kd7 46. Bh6 Ke7 47.
Bxg5+ Kf7 48. h4 Kg6 49. Kf4 h6 50. Bd8 Kf7 51. Ke5 Ke8 52. g5 hxg5 53. Bxg5 Kf7 54. Kf4 Kg6 55. Kg4 Be4 56. Bd8 Bf5+ 57. Kg3 Kh5 58.
Bg5 Be4 59. Kf4 Bd5 60. Ke5 Ba2 61. Kf6 Bd5 62. Ke5 Ba2 63. Kf6 Bd5 64. Ke5 1/2-1/2

[Event "*** Titled Tuesday Blitz"]
[Site "Chess.com"]
[Date "2020.05.05"]
[Round "6"]
[White "Blagorod"]
[Black "NefeLV"]
[Result "1-0"]
[WhiteElo "2114"]
[BlackElo "1784"]
[TimeControl "180+1"]
[EndTime "11:07:18 PDT"]
[Termination "Blagorod won by checkmate"]

1. e4 e6 2. d4 d5 3. Nc3 Nf6 4. exd5 Nxd5 5. Nxd5 exd5 6. Bd3 Bd6 7. Ne2 Bg4 8. f3 Be6 9. O-O Qh4 10. g3 Qf6 11. c3 Nc6 12. Nf4 Bxf4 13. Bxf4 O-O-O 14. Bb5 Ne7 15. Qa4 a6 16. Qa5 Rd6 17. Bxd6 cxd6 18.
Bd3 Bh3 19. Rf2 h5 20. Re1 h4 21. g4 Ng6 22. Bf5+ Kb8 23. Rfe2 Nf4 24. Re8+ Rxe8 25.
Rxe8+ Ka7 26. Qd8 Qh6 27. Qb8+ Kb6 28. Re7 Ne2+ 29. Kf2 Nxd4 30. Qxb7+ Ka5 31. Qb4# 1-0

[Event "*** Titled Tuesday Blitz"]
[Site "Chess.com"]
[Date "2020.05.05"]
[Round "6"]
[White "MilanovicDan"]
[Black "124chess"]
[Result "1/2-1/2"]
[WhiteElo "2510"]
[BlackElo "2730"]
[TimeControl "180+1"]
[EndTime "11:07:19 PDT"]
[Termination "Game drawn by repetition"]

1. d4 e5 2. dxe5 Nc6 3. g3 Nxe5 4. Bg2 Nf6 5. Nc3 Bc5 6. Na4 Be7 7. Bf4 Ng6 8. Be3 O-O 9. c4 c6 10. Nc3 Bb4 11.
Bd2 d5 12. cxd5 cxd5 13. a3 Bc5 14. Nf3 h6 15. O-O a6 16. Rc1 Ba7 17. Na4 Ne4 18. Bc3 b5 19. Bb4 bxa4 20. Bxf8 Nxf8 21. Qxa4 Be6 22.
e3 Ng6 23. Rfd1 Qb6 24. Qc2 Rd8 25. Nd4 Ne5 26. Nxe6 fxe6 27. Bxe4 dxe4 28. Rxd8+ Qxd8 29. Qxe4 Qd6 30. Rc8+ Kf7 31. Qb7+ Kf6 32. Qxa7 Qd1+ 33. Kg2 Qf3+ 34. Kf1 Qd1+ 35. Kg2 Qf3+ 36. Kf1 Qd1+ 37. Kg2 1/2-1/2

[Event "*** Titled Tuesday Blitz"]
[Site "Chess.com"]
[Date "2020.05.05"]
[Round "6"]
[White "mirochka"]
[Black "ChadBiryani"]
[Result "0-1"]
[WhiteElo "2162"]
[BlackElo "2343"]
[TimeControl "180+1"]
[EndTime "11:07:19 PDT"]
[Termination "ChadBiryani won by resignation"]

1. e4 c5 2. d4 cxd4 3. c3 e5 4.
Nf3 Nc6 5. cxd4 exd4 6. Nxd4 d5 7. exd5 Qxd5 8. Nxc6 Qxc6 9. Nc3 Bb4 10. Bd2 Qe6+ 11.
Be2 Nf6 12. O-O O-O 13. Nb5 Bxd2 14. Qxd2 Qb6 15. Rac1 Be6 16. Nc7 Rad8 17. Qe3 Bxa2 18. Qxb6 axb6 19. Rfd1 Rxd1+ 20. Rxd1 Rc8 21. Bf3 Kf8 22. Nb5 Bb3 23. Nc3 Rxc3 24. bxc3 Bxd1 25. Bxd1 Nd7 26. f4 Nc5 27. Kf2 Ke7 28. Ke3 Kd6 29. Bf3 b5 30. g3 b6 31. Kd4 Nb3+ 32.
Kd3 Kc5 33. Be2 Nc1+ 34. Kd2 Nxe2 0-1

[Event "*** Titled Tuesday Blitz"]
[Site "Chess.com"]
[Date "2020.05.05"]
[Round "6"]
[White "Quattroporte300"]
[Black "orkan85"]
[Result "0-1"]
[WhiteElo "2318"]
[BlackElo "2477"]
[TimeControl "180+1"]
[EndTime "11:07:21 PDT"]
[Termination "orkan85 won by resignation"]

1. e4 c5 2. Nf3 e6 3. d4 cxd4 4.
Nxd4 a6 5. c4 Nf6 6. Nc3 Qc7 7. a3 b6 8. Be3 Bb7 9. Bd3 d6 10. Rc1 Nbd7 11. f3 Be7 12. O-O O-O 13. b4 Rac8 14. Kh1 Qb8 15. Be2 Bd8 16. Qd2 Bc7 17.
Bg1 d5 18. cxd5 Bf4 19. Be3 Bxh2 20. f4 Bg3 21. dxe6 Rxc3 22. exf7+ Rxf7 23. Qxc3 Nxe4 24. Qc7 Qa8 25. Bc4 Bd5 26. Bxd5 Qxd5 27. Qc8+ Rf8 28.
Qc4 Ndf6 29. Qxd5+ Nxd5 30. Bg1 Rf6 31. Rc8+ Kf7 32.
f5 Rh6+ 33. Bh2 Bxh2 0-1

[Event "*** Titled Tuesday Blitz"]
[Site "Chess.com"]
[Date "2020.05.05"]
[Round "6"]
[White "Tayson_7"]
[Black "SGchess01"]
[Result "0-1"]
[WhiteElo "2632"]
[BlackElo "2805"]
[TimeControl "180+1"]
[EndTime "11:07:22 PDT"]
[Termination "SGchess01 won by resignation"]

1. e4 Nf6 2. e5 Nd5 3. Nf3 d6 4. d4 Nb6 5. a4 a5 6. Nc3 g6 7. exd6 cxd6 8. Bb5+ Bd7 9. O-O Bg7 10. Re1 O-O 11. Bg5 Re8 12. Qd2 Nc6 13. Bh6 Bh8 14. h3 Rc8 15. Ne4 Nb4 16. c3 N4d5 17. Bf1 Nxa4 18.
c4 Nf6 19. Nxf6+ Bxf6 20. b3 Nb6 21. Rxa5 Ra8 22. Rea1 Rxa5 23. Rxa5 Qc7 24. d5 Ra8 25. Be3 Rb8 26. g3 Nc8 27. Nd4 b6 28. Ra2 Qb7 29.
h4 Ra8 30. Rxa8 Qxa8 31. Bg5 Bxg5 32. hxg5 Qa5 33. Qxa5 bxa5 34. Nc6 Bxc6 35. dxc6 Kf8 36.
c5 Ke8 37. Ba6 Kd8 38. Kg2 dxc5 39. Kf3 Nd6 40. Kf4 Kc7 41. Ke5 Kxc6 42. Be2 c4 43. bxc4 Kc5 0-1

[Event "*** Titled Tuesday Blitz"]
[Site "Chess.com"]
[Date "2020.05.05"]
[Round "6"]
[White "Warre"]
[Black "Semen_Khanin"]
[Result "0-1"]
[WhiteElo "2444"]
[BlackElo "2682"]
[TimeControl "180+1"]
[EndTime "11:07:22 PDT"]
[Termination "Semen_Khanin won by resignation"]

1. d4 Nf6 2. c4 e6 3. Nf3 d5 4. g3 Bb4+ 5. Bd2 Be7 6. Bg2 O-O 7. O-O c6 8. Qc2 Nbd7 9. Rd1 b6 10. b3 a5 11. Bf4 Ba6 12. Nbd2 Rc8 13. e4 c5 14. exd5 exd5 15. Qb2 Bb7 16. Rac1 Re8 17. Nf1 cxd4 18.
Nxd4 Nc5 19. Ne3 Bd6 20. Bxd6 Qxd6 21. Ndf5 Qe5 22. Qxe5 Rxe5 23. cxd5 Rd8 24. d6 Bxg2 25. Kxg2 Kf8 26. Ne7 Re6 27. Nc4 Nfd7 28. Nc6 Rde8 29.
Ne3 g6 30. Ne7 Ne4 31. Kf3 Nxd6 32. N7d5 Ne4 33. Nc7 Rf6+ 34. Kg2 Rxf2+ 35. Kg1 Ne5 36. Ng4 Nxg4 37. Nxe8 Nxh2 38. Rd3 0-1

[Event "*** Titled Tuesday Blitz"]
[Site "Chess.com"]
[Date "2020.05.05"]
[Round "6"]
[White "dennisodessa"]
[Black "mc4chess"]
[Result "1-0"]
[WhiteElo "2302"]
[BlackElo "2429"]
[TimeControl "180+1"]
[EndTime "11:07:22 PDT"]
[Termination "dennisodessa won by resignation"]

1. d4 Nf6 2. c4 e5 3. dxe5 Ng4 4.
Bf4 Nc6 5. Nf3 Bb4+ 6. Nbd2 Qe7 7.
e3 Ngxe5 8. Nxe5 Nxe5 9. Be2 O-O 10. O-O Ng6 11. Bg3 Bd6 12. Bxd6 Qxd6 13. Qc2 b6 14. Bf3 Rb8 15. Ne4 Qe7 16. c5 f5 17.
Ng3 Qxc5 18. Qb3+ Kh8 19. Rac1 Qe5 20. Rfd1 c5 21. Rd5 Qe6 22. Rcd1 Ne5 23. Qc3 Nxf3+ 24. gxf3 Rf7 25. Rd6 Qe7 26. Qd3 f4 27. exf4 Rxf4 28. Qd2 Rxf3 29. Re1 Qf7 30. Rde6 Bb7 31. Re7 Rxg3+ 32.
fxg3 Qg6 33. Qxd7 Bc6 34. Qe6 Qxe6 35. R1xe6 Bb5 36. Rxa7 h6 37. Ree7 Rd8 38. Rxg7 Rd1+ 39. Kg2 Bf1+ 40. Kf2 Bc4 41. Rh7+ Kg8 42. Rhc7 Rf1+ 43.
Kg2 Rf6 44. Rc8+ Rf8 45. Rxf8+ Kxf8 46. Kf2 b5 47. a3 Ke8 48. Rc7 b4 49. Rxc5 1-0

[Event "*** Titled Tuesday Blitz"]
[Site "Chess.com"]
[Date "2020.05.05"]
[Round "6"]
[White "Unknown_IM"]
[Black "KingChess345"]
[Result "0-1"]
[WhiteElo "2506"]
[BlackElo "2212"]
[TimeControl "180+1"]
[EndTime "11:07:23 PDT"]
[Termination "KingChess345 won by checkmate"]

1. d4 Nf6 2. Nc3 d5 3. Bf4 e6 4.
Nb5 Bd6 5. Nxd6+ cxd6 6. e3 O-O 7. Nf3 b6 8. Be2 Ba6 9. h3 Ne4 10. O-O Qd7 11. Nd2 Bxe2 12. Qxe2 Nc6 13. Bh2 Rac8 14. c3 f5 15. Nb3 Nf6 16. f3 e5 17. Rad1 Qe6 18.
Qb5 e4 19. fxe4 Nxe4 20. Nc1 Na5 21. Nd3 g5 22. Rfe1 Nc4 23. b3 Nxc3 24. Qb4 Nxd1 25. bxc4 dxc4 26. Nc1 Nxe3 27. Bxd6 Rfe8 28. Be5 f4 29.
Qa4 Qd5 30. Re2 Rcd8 31. Qxa7 Rxe5 32. dxe5 Qd1+ 33. Kh2 Nf1+ 34. Kg1 Ng3+ 35. Kf2 Qf1# 0-1

[Event "*** Titled Tuesday Blitz"]
[Site "Chess.com"]
[Date "2020.05.05"]
[Round "6"]
[White "Margarita2907"]
[Black "MichailovM"]
[Result "0-1"]
[WhiteElo "1992"]
[BlackElo "2372"]
[TimeControl "180+1"]
[EndTime "11:07:23 PDT"]
[Termination "MichailovM won on time"]

1. e4 c5 2. Nf3 d6 3. d4 cxd4 4. Nxd4 Nf6 5. Nc3 g6 6. Be3 Bg7 7. f3 O-O 8. Qd2 Nc6 9. Bc4 Bd7 10. O-O-O Rc8 11. Bb3 Ne5 12. h4 h5 13. Kb1 Nc4 14.
Bxc4 Rxc4 15. g4 hxg4 16. h5 Nxh5 17. Rxh5 gxh5 18. Bh6 e6 19. Bxg7 Kxg7 20. Rh1 Qf6 21. Nde2 Rh8 22. fxg4 hxg4 23. Rg1 Rh4 24. Nf4 Rc5 25.
Nce2 Bc6 26. Ng3 Rb5 27. c4 Re5 28. Ng2 Rh3 29. Ne3 Qf3 30. Ne2 Bxe4+ 31. Ka1 Qxe3 32.
Rxg4+ Bg6 0-1

[Event "*** Titled Tuesday Blitz"]
[Site "Chess.com"]
[Date "2020.05.05"]
[Round "6"]
[White "mitraasz"]
[Black "Budisavljevic"]
[Result "0-1"]
[WhiteElo "2209"]
[BlackElo "2394"]
[TimeControl "180+1"]
[EndTime "11:07:23 PDT"]
[Termination "Budisavljevic won by resignation"]

1. d4 Nf6 2. Nf3 e6 3. e3 c5 4. Bd3 d5 5. O-O Bd6 6. Nbd2 c4 7. Be2 O-O 8. Ne5 b5 9. f4 Bb7 10. c3 a5 11. Rf3 b4 12. Rh3 Nc6 13. Qe1 Ne8 14. Bd1 f6 15. Qh4 fxe5 16. Qxh7+ Kf7 17. fxe5 Bb8 18. Bh5+ Ke7 19. Rg3 Kd7 20. Bxe8+ Rxe8 21. Rxg7+ Re7 22. e4 Rxg7 23. Qxg7+ Qe7 24. Qxe7+ Nxe7 25. exd5 Bxd5 26. Nf3 Ba7 27. Be3 Rg8 28. Kf2 Nf5 29.
g3 a4 30. Bf4 a3 31. bxa3 bxc3 32. Rc1 Nxd4 33. Nxd4 Bxd4+ 34. Ke2 Be4 35. Rd1 Bd3+ 36.
Rxd3 cxd3+ 37. Kxd3 Bg1 38. Kxc3 Bxh2 39. a4 Bxg3 40.
Bxg3 Rxg3+ 41. Kc4 Rg4+ 42. Kb5 Re4 43. a5 Rxe5+ 44.
Kb6 Re4 45. Kb7 Ra4 46. a6 Rxa2 47. a7 e5 48. a8=Q Rxa8 49. Kxa8 e4 50. Ka7 e3 0-1

[Event "*** Titled Tuesday Blitz"]
[Site "Chess.com"]
[Date "2020.05.05"]
[Round "6"]
[White "atwalcb"]
[Black "Sesleria"]
[Result "1-0"]
[WhiteElo "2238"]
[BlackElo "2058"]
[TimeControl "180+1"]
[EndTime "11:07:23 PDT"]
[Termination "atwalcb won by resignation"]

1. d4 Nf6 2. Bg5 c5 3. Bxf6 gxf6 4. d5 Qb6 5. Qc1 h5 6. c4 Bh6 7. e3 f5 8. Be2 f4 9. exf4 Bxf4 10. Qc3 Rg8 11. Nf3 d6 12. g3 Bh6 13. Nbd2 Bg7 14.
Qb3 Bxb2 15. Rb1 Qxb3 16. axb3 Bc3 17. Rc1 Bg7 18. h4 Na6 19. Ng5 Rh8 20. O-O Bd7 21.
Nde4 Bd4 22. Nf3 Bg7 23. Bd3 Kd8 24. Rfd1 Kc7 25. Re1 Nb4 26. Bf1 Rhe8 27. Neg5 f6 28.
Ne6+ Bxe6 29. Rxe6 Bh6 30. Rc3 b6 31. Be2 a6 32.
Nh2 Bd2 33. Rf3 a5 34. Rf5 a4 35. bxa4 Rxa4 36. Bxh5 Ra1+ 37. Kg2 Rc1 38. Bxe8 1-0